 Dungeon Crawl Stone Soup version 0.25.0-46-gbd7b0854d2 (webtiles) character file.

Game seed: 11086796298108709827

266 Dirian the Slasher (level 6, -18/53 HPs)
             Began as a Minotaur Fighter on July 14, 2020.
             Demolished by an ogre
             ... wielding a +0 giant club
              (21 damage)
             ... on level 4 of the Dungeon.
             The game lasted 00:04:16 (2817 turns).

Dirian the Slasher (Minotaur Fighter)               Turns: 2817, Time: 00:04:16

Health: -18/53     AC: 10    Str: 23    XL:     6   Next: 0%
Magic:  5/5        EV:  7    Int:  5    God:
Gold:   125        SH: 10    Dex:  9    Spells: 5/5 levels left

rFire    . . .     SeeInvis .   a - +1 long sword
rCold    . . .     Gourm    .   c - +0 kite shield
rNeg     . . .     Faith    .   b - +0 scale mail
rPois    .         Spirit   .   (helmet restricted)
rElec    .         Reflect  .   p - +2 cloak
rCorr    .         Harm     .   (no gloves)
MR       .....                  (no boots)
Stlth    ..........             (no amulet)
HPRegen  0.17/turn              m - +4 ring of slaying
MPRegen  0.09/turn              (no ring)

@: no status effects
A: retaliatory headbutt, horns 2
a: no special abilities


You were on level 4 of the Dungeon.
You were not hungry.

You visited 1 branch of the dungeon, and saw 4 of its levels.

You collected 125 gold pieces.

Inventory:

Hand Weapons
 a - a +1 long sword (weapon)
Armour
 b - a +0 scale mail (worn)
 c - a +0 kite shield (worn)
 p - a +2 cloak (worn)
Jewellery
 m - a +4 ring of slaying (left hand)
Potions
 d - a potion of might
 g - 2 potions of flight
 h - a potion of haste
 n - 3 potions of resistance
 o - a potion of degeneration {unknown}
 q - a potion of curing
Comestibles
 e - 6 rations
 f - 2 chunks of flesh


   Skills:
 + Level 4.5 Fighting
 * Level 5.5 Long Blades
 + Level 4.8 Armour
 + Level 4.7 Shields


You had 5 spell levels left.
You didn't know any spells.
Your spell library was empty.

Dungeon Overview and Level Annotations

Branches:
Dungeon (4/15)
 Temple: D:4-7

Altars:
Qazlal


Innate Abilities, Weirdness & Mutations

You reflexively headbutt those who attack you in melee.
You have a pair of horns on your head.


Message History

You hear the slow hiss of a distant avalanche of sand.
Found a stone staircase leading down.
An ogre comes into view. It is wielding a +0 giant club.
The ogre shouts!
Found a stormy altar of Qazlal.
You closely miss the ogre.
The ogre hits you with a +0 giant club!!
You barely miss the ogre. You block the ogre's attack.
You hit the ogre but do no damage. The ogre barely misses you.
You slash the ogre!
The ogre is moderately wounded.
The ogre hits you with a +0 giant club.
You slash the ogre!
The ogre is heavily wounded.
The ogre hits you with a +0 giant club!!
* * * LOW HITPOINT WARNING * * *
You slash the ogre!
The ogre is almost dead.
The ogre hits you with a +0 giant club!!
You die...

#......##. .> ...>....###
.####. ..........### ...#...
#........####.#..##... #
##.............?..#...
#_##......##.............
.#.#.8......................
..........O.....†...........
...........@............#...
.#.#.8.....................#
# ###...........#.....##...
#........?..#....###...
.......##..#..........>#
....#......##......#†!###
..###...#####....###..##. ##
##..# #...## ##.... .....
####..#.


You could see an ogre.

Vanquished Creatures
  A phantom (D:3)
  A bullfrog zombie (D:3)
  A worker ant (D:4)
  3 adders (D:2)
  2 oozes
  3 worms (D:2)
  2 dart slugs
  2 leopard geckos (D:2)
  An orc (D:2)
  A ball python (D:1)
  12 giant cockroaches
  5 goblins
  6 hobgoblins
  8 jackals
  A quokka (D:2)
  6 bats
  10 kobolds
  A quokka skeleton (D:4)
  9 rats
75 creatures vanquished.

Notes
Turn   | Place    | Note
-------+----------+-------------------------------------------
     0 | D:1      | Dirian the Minotaur Fighter began the quest for the Orb.
     0 | D:1      | Reached XP level 1. HP: 19/19 MP: 0/0
   204 | D:1      | Reached XP level 2. HP: 20/27 MP: 1/1
   313 | D:1      | Reached skill level 3 in Long Blades
   651 | D:2      | Reached XP level 3. HP: 33/33 MP: 2/2
  1384 | D:2      | Reached XP level 4. HP: 40/40 MP: 3/3
  1697 | D:2      | Reached skill level 4 in Long Blades
  2257 | D:3      | Reached XP level 5. HP: 47/47 MP: 4/4
  2356 | D:3      | Noticed a phantom
  2461 | D:3      | Killed a phantom
  2461 | D:3      | Reached skill level 5 in Long Blades
  2798 | D:4      | Reached XP level 6. HP: 53/53 MP: 5/5
  2806 | D:4      | Found a stormy altar of Qazlal.
  2817 | D:4      | Demolished by an ogre

Illustrated notes

Levels and vault maps discovered:
D:1:      minmay_arrival_semitransparent, layout_rooms
D:2:      layout_loops_cross
D:3:      layout_rooms
D:4:      layout_cave_pools, minitemple, enter_ossuary_3

Skill      XL: |  1  2  3  4  5 |
---------------+----------------+-----
Long Blades    | 3 4 5 |  5.5
Shields        | 4 |  4.7
Fighting       | 4 |  4.5
Armour         | 4 |  4.8

Action                   |  1- 3 |  4- 6 || total
-------------------------+-------+-------++-------
Melee: Long sword        |   110 |   118 ||   228
       Headbutt          |    18 |    17 ||    35
  Use: Scroll            |       |    10 ||    10
  Eat: Chunk             |     2 |     4 ||     6
Armor: Scale mail        |    47 |    63 ||   110
Dodge: Dodged            |    29 |    33 ||    62
Block: Kite shield       |    49 |    70 ||   119
       Rpst.: Long sword |     6 |     7 ||    13
